 Dungeon Crawl Stone Soup version 0.22-a0-346-ga714374 (webtiles) character file.

10 grindst0ne the Shield-Bearer (level 2, -1/27 HPs)
             Began as a Deep Dwarf Fighter on Apr 6, 2018.
             Slain by Sigmund
             ... wielding a +3 scythe
              (7 damage)
             ... on level 2 of the Dungeon.
             The game lasted 00:00:44 (378 turns).

grindst0ne the Shield-Bearer (Deep Dwarf Fighter)    Turns: 378, Time: 00:00:44

Health: -1/27      AC:  9    Str: 19    XL:     2   Next: 10%
Magic:  2/2        EV:  5    Int:  8    God:
Gold:   49         SH:  9    Dex: 12    Spells: 1/1 levels left

rFire    . . .     SeeInvis .   a - +0 war axe
rCold    . . .     Gourm    .   c - +0 shield
rNeg     . . .     Faith    .   j - +0 chain mail
rPois    .         Spirit   .   (no helmet)
rElec    .         Reflect  .   (no cloak)
rCorr    .         Harm     .   (no gloves)
MR       .....                  (no boots)
Stlth    ..........             (no amulet)
HPRegen  0.00/turn              (no ring)
MPRegen  0.08/turn              (no ring)

@: non-regenerating
A: damage resistance, heal wounds, sense surroundings 1, no regeneration
a: Heal Wounds


You were on level 2 of the Dungeon.
You were not hungry.

You visited 1 branch of the dungeon, and saw 2 of its levels.

You collected 49 gold pieces.

Inventory:

Hand Weapons
 a - a +0 war axe (weapon)
Armour
 b - a +0 scale mail
 c - a +0 shield (worn)
 j - a +0 chain mail (worn)
Scrolls
 e - 2 scrolls of teleportation {unknown}
 i - 2 scrolls of amnesia {unknown}
Potions
 d - a potion of might
 g - a potion of magic {unknown}
 h - a potion of curing {unknown}
 k - a potion of haste {unknown}
Comestibles
 f - 2 rations


   Skills:
 - Level 2.6 Fighting
 - Level 2.1 Axes
 + Level 3.6 Armour
 + Level 3.6 Shields


You had one spell level left.
You didn't know any spells.

Dungeon Overview and Level Annotations

Branches:
Dungeon (2/15)

Altars:

Annotations:
D:2 Sigmund


Innate Abilities, Weirdness & Mutations

You are resistant to damage.
You can heal yourself by infusing magical energy.
You passively map a small area around you.
You do not regenerate.


Message History

Sigmund hits you but does no damage.
You closely miss Sigmund. You block Sigmund's attack.
Your shield and chain mail prevent you from hitting Sigmund.
Sigmund barely misses you.
You closely miss Sigmund.
Sigmund hits you with an enchanted scythe.
You closely miss Sigmund.
Sigmund gestures wildly while chanting.
Sigmund flickers and vanishes!
Deactivating autopickup; reactivate with Ctrl-A.
Something hits you.
You completely miss something. Something hits you but does no damage.
You slash something! Something completely misses you.
You miss something. Something hits you but does no damage.
You closely miss something. Something hits you.
You closely miss something. Something hits you but does no damage.
You closely miss something. Something hits you.
* * * LOW HITPOINT WARNING * * *
You barely miss something. Something hits you!
You die...

* * * * , * ,..#
* * * #.# * * ,
#.# *, # #.# ,
#.#######.# * *
#.......#.#####.#
, ,
#...{@..[..<....#
, ,
##.$.##.$...>...#
**###.
###.###...# ..,
.....,...#
........### .## *
* ########## .. ,
*##** , * *


There were no monsters in sight!

Vanquished Creatures
  2 dart slugs (D:1)
  A ball python (D:1)
  A bat (D:1)
  A hobgoblin (D:1)
  A kobold (D:1)
6 creatures vanquished.

Notes
Turn   | Place    | Note
-------+----------+-------------------------------------------
     0 | D:1      | grindst0ne the Deep Dwarf Fighter began the quest for the Orb.
     0 | D:1      | Reached XP level 1. HP: 20/20 MP: 1/1
   313 | D:1      | Reached XP level 2. HP: 20/27 MP: 2/2
   362 | D:2      | Noticed Sigmund
   378 | D:2      | Slain by Sigmund

Vault maps used:
D:1:      saegor_arrival_simple_a
D:2:      uniq_sigmund, uniq_terence

Action                   || total
-------------------------++-------
Melee: War axe           ||    42
Armor: Chain mail        ||    29
       Scale mail        ||     4
Dodge: Dodged            ||    14
Block: Shield            ||    20

Table legend:
 A = Spawn XP
 B = Non-spawn XP
 C = Spawn XP percentage of total XP
 D = Spawn monster count
 E = Non-spawn monster count
 F = Spawn count percentage of total count
 G = Total turns spent on level
                    A         B        C        D         E        F      G
               +---------+---------+-------+---------+---------+-------+---------
         Total |       0 |      15 |   0.0 |       0 |       6 |   0.0 |   378
               +---------+---------+-------+---------+---------+-------+---------
           D:1 |       0 |      15 |   0.0 |       0 |       6 |   0.0 |   360
               +---------+---------+-------+---------+---------+-------+---------
